 Dungeon Crawl Stone Soup version 0.23.1-41-g7e51ed3 (webtiles) character file.

Game seed: 14063400856281191297

72 Borgoz the Cutter (level 4, 0/27 HPs)
             Began as a Gargoyle Gladiator on Mar 29, 2019.
             Slain by a goblin (1 damage)
             ... led by Robin
             ... on level 2 of the Dungeon.
             The game lasted 00:02:13 (1656 turns).

Borgoz the Cutter (Gargoyle Gladiator)              Turns: 1656, Time: 00:02:14

Health: 0/27       AC:  8    Str: 18    XL:     4   Next: 25%
Magic:  4/4        EV: 13    Int: 12    God:
Gold:   55         SH:  0    Dex: 12    Spells: 3/3 levels left

rFire    . . .     SeeInvis .   a - +0 rapier
rCold    . . .     Gourm    .   (no shield)
rNeg     + . .     Faith    .   b - +0 leather armour
rPois    ∞         Spirit   .   c - +0 helmet
rElec    +         Reflect  .   (no cloak)
rCorr    .         Harm     .   r - +0 pair of gloves
MR       .....                  (no boots)
Stlth    +.........             (no amulet)
HPRegen  0.09/turn              i - +4 ring of intelligence
MPRegen  0.09/turn              (no ring)

@: no status effects
A: negative energy resistance 1, electricity resistance, unbreathing,
petrification resistance, rot immunity, AC +3
a: no special abilities


You were on level 2 of the Dungeon.
You were not hungry.

You visited 1 branch of the dungeon, and saw 2 of its levels.

You collected 55 gold pieces.

Inventory:

Hand Weapons
 a - a +0 rapier (weapon)
Missiles
 d - 3 throwing nets (quivered)
Armour
 b - a +0 leather armour (worn)
 c - a +0 helmet (worn)
 r - a +0 pair of gloves (worn)
Jewellery
 i - a +4 ring of intelligence (left hand)
 s - an uncursed ring of magical power {unknown}
Scrolls
 e - a scroll of enchant armour {unknown}
 j - a scroll of enchant weapon {unknown}
 l - 2 scrolls of fog {unknown}
 o - 2 scrolls of identify {unknown}
 q - a scroll of blinking {unknown}
 t - a scroll of fear {unknown}
 u - a scroll of magic mapping {unknown}
Potions
 h - 2 potions of brilliance {unknown}
 k - a potion of flight {unknown}
 m - a potion of haste {unknown}
 n - a potion of heal wounds {unknown}
 p - a potion of curing {unknown}
Comestibles
 f - 3 rations
 g - 6 chunks of flesh


   Skills:
 + Level 2.5 Fighting
 * Level 3.2 Short Blades
 + Level 2.1 Throwing
 + Level 1.0 Armour
 * Level 3.1 Dodging
 + Level 1.0 Stealth


You had 3 spell levels left.
You didn't know any spells.
Your spell library was empty.

Dungeon Overview and Level Annotations

Branches:
Dungeon (2/15)

Altars:

Annotations:
D:2 Robin


Innate Abilities, Weirdness & Mutations

You are resistant to torment.
Your stone body is resilient. (AC +3)
You are immune to poison.
You resist negative energy. (rN+)
You are resistant to electric shocks. (rElec)
You can survive without breathing.
You are immune to petrification.
You are immune to rotting.


Message History

The goblin is severely wounded.
The goblin closely misses you.
The hobgoblin hits you but does no damage.
The goblin hits you but does no damage. The goblin barely misses you.
The bat hits you but does no damage. The goblin closely misses you.
The goblin hits you.
* * * LOW HITPOINT WARNING * * *
The bat barely misses you. The goblin barely misses you.
Robin throws the goblin at you! The goblin hits you but does no damage.
The goblin hits you with a +0 dagger.
* * * LOW HITPOINT WARNING * * *
The goblin hits you but does no damage. The bat closely misses you.
You barely miss the bat. The bat barely misses you.
The goblin closely misses you. Robin throws the goblin at you!
The goblin misses you. The hobgoblin closely misses you.
You miss the goblin. The goblin closely misses you. The goblin misses you.
The goblin hits you with a +0 dagger.
* * * LOW HITPOINT WARNING * * *
The goblin completely misses you. The goblin hits you.
You die...

#............ #. ...##...#
#.........## # ..........#
#.........# ###..........
#.........# #+##
#.......###
#........#####.#..##
#.......#
#..............#...#
#........
#.........######...#
#...........# #gg.# .
#.#########.####@gg#####...
#.# #......bgggg........
#.# #.#######ggg.)......
#.# # #........###
#........... #...###.....
##### ..... .... #..


You could see Robin, a hobgoblin, 9 goblins and a bat.

Vanquished Creatures
  An adder (D:2)
  A worm (D:2)
  3 dart slugs (D:1)
  A leopard gecko (D:2)
  6 bats
  6 giant cockroaches (D:1)
  8 hobgoblins
  6 jackals
  A kobold (D:2)
  2 frilled lizards (D:1)
  6 goblins
  7 rats
48 creatures vanquished.

Notes
Turn   | Place    | Note
-------+----------+-------------------------------------------
     0 | D:1      | Borgoz the Gargoyle Gladiator began the quest for the Orb.
     0 | D:1      | Reached XP level 1. HP: 12/12 MP: 1/1
   157 | D:1      | Reached XP level 2. HP: 17/17 MP: 2/2
   512 | D:1      | Reached XP level 3. HP: 21/22 MP: 3/3
  1222 | D:2      | Reached skill level 1 in Armour
  1222 | D:2      | Reached XP level 4. HP: 9/27 MP: 4/4
  1540 | D:2      | Reached skill level 1 in Stealth
  1637 | D:2      | Noticed Robin
  1656 | D:2      | HP: 1/27 [goblin/+0 dagger[Robin] (1)]
  1656 | D:2      | Slain by a goblin

Skill      XL: |  1  2  3  4 |
---------------+-------------+-----
Short Blades   | 3 |  3.2
Throwing       | 2 |  2.1
Dodging        | 3 |  3.1
Armour         | 1 |  1.0
Stealth        | 1 |  1.0
Fighting       | |  2.5

Action                   |  1- 3 |  4- 6 || total
-------------------------+-------+-------++-------
Melee: Rapier            |   160 |    49 ||   209
  Eat: Chunk             |     1 |     2 ||     3
Armor: Leather armour    |    68 |    48 ||   116
Dodge: Dodged            |   133 |    84 ||   217
